 Dungeon Crawl Stone Soup version 0.17.0-18-gaab0e96 (webtiles) character file.

34087 4thArraOfDagon the Brawler (level 13, -6/69 HPs)
             Began as a Vine Stalker Fighter on Nov 11, 2015.
             Was a High Priest of Cheibriados.
             Shot with an arrow by a satyr (24 damage)
             ... on level 4 of the Shoals.
             The game lasted 00:33:19 (5062 turns).

4thArraOfDagon the Brawler (Vine Stalker Fighter)   Turns: 5062, Time: 00:33:19

Health: -6/69      AC: 22    Str: 45    XL:     13   Next: 75%
Magic:  0/20       EV: 14    Int: 23    God:    Cheibriados [*****.]
Gold:   878        SH: 15    Dex: 29    Spells: 2 memorised, 8 levels left

rFire  . . .     SeeInvis .       - Unarmed
rCold  x . .     Clarity  .     A - +3 plate armour of Agoraphobia {rElec rN+ Str+4}
rNeg   + . .     SustAt   .     b - +0 shield
rPois  +         Gourm    .     H - +0 helmet
rElec  +         Spirit   +     n - +0 cloak
rCorr  .         Warding  .     u - +2 pair of gloves
rMut   .         Stasis   +     I - +1 pair of boots of Tenacity {rElec rC- Str+2 Slay+2}
MR     +....                    K - amulet of stasis
Stlth  ..........               x - ring of poison resistance
                                i - +4 ring of strength

@: afraid, flying, glowing, very slow, somewhat resistant to hostile
enchantments, extremely unstealthy
A: fangs 3, rugged brown scales 1, berserk 1, regeneration 3, spit poison 1,
strong 1, teleportitis 1, magic shield, antimagic bite, no device heal 3, rot
immunity, subdued magic 1, MP-powered wands
a: Spit Poison, Bend Time, Temporal Distortion, Slouch, Step From Time, Renounce
Religion


You were on level 4 of the Shoals.
You worshipped Cheibriados.
Cheibriados was extremely pleased with you.
You were not hungry.

You visited 4 branches of the dungeon, and saw 25 of its levels.
You also visited: Labyrinth and Bailey.

You collected 878 gold pieces.

Inventory:

Missiles
 D - a throwing net (quivered)
 L - 12 curare-tipped needles
Armour
 b - a +0 shield (worn)
 n - a +0 cloak (worn)
 u - a +2 pair of gloves (worn)
 A - the +3 plate armour of Agoraphobia (worn) {rElec rN+ Str+4}
   (You found it on level 7 of the Dungeon)

   It affects your strength (+4).
   It insulates you from electricity.
   It protects you from negative energy.
 E - a +0 robe of positive energy
 H - a +0 helmet (worn)
 I - the +1 pair of boots of Tenacity (worn) {rElec rC- Str+2 Slay+2}
   (You found it on level 9 of the Dungeon)

   It affects your strength (+2).
   It affects your accuracy and damage with ranged weapons and melee attacks
   (+2).
   It makes you vulnerable to cold.
   It insulates you from electricity.
 N - a +1 robe of magic resistance
Rods
 P - a +0 iron rod (12/12)
   (You took it off a minotaur in a labyrinth)
Jewellery
 i - a +4 ring of strength (left hand)
 p - an uncursed ring of protection from fire
 x - a ring of poison resistance (right hand)
 K - an amulet of stasis (around neck)
 R - an uncursed ring of ice
 S - the ring "Poag" {rC+ MR- Int+6 SInv}
   (You found it in a labyrinth)

   [ring of see invisible]

   It affects your intelligence (+6).
   It protects you from cold.
   It affects your resistance to hostile enchantments.
   It lets you see invisible.
 W - an uncursed ring of teleportation
Wands
 k - a wand of polymorph (2)
 r - a wand of random effects (16)
 O - a wand of digging (14)
 Q - a wand of teleportation (6)
 T - a wand of teleportation (7)
 V - a wand of digging (12)
Scrolls
 a - 2 scrolls of fog
 e - 3 scrolls of remove curse
 f - 3 scrolls of identify
 l - 6 scrolls of enchant armour {unknown}
 m - 2 scrolls of random uselessness {unknown}
 s - 3 scrolls of fear {unknown}
 t - a scroll of silence {unknown}
 v - 3 scrolls of blinking
 y - 4 scrolls of teleportation {unknown}
 B - 3 scrolls of enchant weapon {unknown}
 J - a scroll of immolation {unknown}
 Z - a scroll of summoning {unknown}
Potions
 c - a potion of resistance
 j - 2 potions of agility {unknown}
 o - 3 potions of flight
 w - a potion of heal wounds {unknown}
 z - a potion of degeneration {unknown}
 C - a potion of magic {unknown}
 F - a potion of cancellation {unknown}
 G - a potion of might
 U - a potion of berserk rage {unknown}
 X - a potion of curing {unknown}
Miscellaneous
 h - a box of beasts
 q - an ornate deck of escape
 M - an ornate deck of wonders
Comestibles
 d - 5 bread rations
 g - 2 meat rations
 Y - 3 fruits


   Skills:
 + Level 7.3 Fighting
 - Level 2.4 Armour
 + Level 6.5 Dodging
 + Level 7.7 Shields
 * Level 15.5 Unarmed Combat
 + Level 8.2 Invocations
 + Level 5.3 Evocations


You had 8 spell levels left.
You knew the following spells:

 Your Spells              Type           Power        Failure   Level  Hunger
a - Blink                 Tloc           N/A          99%         2    ###....
b - Repel Missiles        Chrm/Air       #.....       99%         2    ###....


Dungeon Overview and Level Annotations

Branches:
Dungeon (13/15)            Temple (1/1) D:4            Lair (7/8) D:8
 Shoals (4/4) Lair:3        Slime (0/6) Lair:6
  Snake: Lair:3-6    Spider: Lair:3-6       Orc: D:9-12      Vaults: D:13-14

Altars:
Cheibriados
Fedhas
Kikubaaqudgha
Qazlal
Ru
Sif Muna
Trog
Vehumet
Xom
Yredelemnul
The Shining One
Jiyva

Shops:
D:6 (   Shoals:1 [

Annotations:
D:8 Grum
Lair:6 1 runed door
Shoals:3 Polyphemus


Innate Abilities, Weirdness & Mutations

You have razor-sharp teeth.
You regenerate.
When hurt, damage is shared between your health and your magic reserves.
Your bite disrupts and absorbs the magic of your enemies.
Potions and wands cannot restore your health.
You are immune to rotting.
You are partially covered in rugged brown scales (AC +1, +3% HP).
You tend to lose your temper in combat.
You can spit weak poison.
Your muscles are strong. (Str +2)
You are occasionally teleported to nearby monsters.
Your spells are a little easier to cast, but a little less powerful.
You expend magic power (3 MP) to strengthen your wands.


Message History

The faun barely misses you.
The satyr shoots an arrow.
You block the arrow.
You hear a splash.
You block the faun's attack.
A water elemental comes into view.
You see here an arrow.
Unknown command.
Unknown command.
The faun hits you but does no damage.
The faun splashes around in the water.
Unknown command.
Unknown command.
Unknown command.
You closely miss the faun. You bite the faun!
The faun's magic leaks into the air.
You drain its magic.
You feel invigorated.
The faun is almost dead.
Unknown command.
Unknown command.
The faun hits you with an enchanted spear.
* * * LOW HITPOINT WARNING * * *
The satyr shoots an arrow.
The arrow hits you!!
You die...

≈≈≈ ≈≈≈≈ ≈≈≈≈# ≈
≈≈≈..# ≈≈ ≈≈....#
≈≈≈
.......######..≈≈
......≈((......≈≈
......≈(($.....≈≈
##.....≈<@.....≈≈
##...)cc....≈≈≈≈
##...).E.<≈≈≈≈≈
#...?..≈≈≈≈###
#.....≈≈≈≈##
#≈≈..≈≈≈≈##
#........#
#..#####.#


You could see a satyr, a faun (roused) and a water elemental.

Vanquished Creatures
  A minotaur (Lab)
  Josephine (Lair:5)
  The ghost of Rayvis the Severer, a journeyman MiFi of Qazlal (Lair:2)
  3 merfolk impalers
  Erolcha (D:8)
  A hydra (Lair:7)
  A centaur warrior (D:9)
  A merfolk aquamancer (Shoals:4)
  Nergalle (Lair:2)
  A sea snake (Shoals:2)
  A hill giant (D:9)
  2 orc knights (Bailey)
  3 harpies (Shoals:3)
  A water nymph (Shoals:3)
  4 fauns
  2 manticores (Shoals:1)
  A cyclops (Shoals:3)
  3 sirens
  3 spiny frogs (Lair:3)
  A fire drake (Lair:3)
  2 komodo dragons
  4 harpy zombies (Shoals:2)
  A wind drake (Shoals:1)
  9 merfolk
  2 griffon zombies (Shoals:2)
  A snapping turtle (Shoals:1)
  3 basilisks
  3 water elementals (Shoals:4)
  36 yaks
  A wyvern (D:11)
  A deep elf mage (D:9)
  3 wraiths (Lair:5)
  4 hippogriffs
  3 wolves
  8 water moccasins
  2 ice beasts
  6 orc warriors
  13 porcupines
  A black bear (D:9)
  2 sky beasts
  2 ogres
  4 centaurs
  6 crocodiles
  A big kobold (D:9)
  10 giant frogs
  3 scorpions
  5 wights (D:8)
  2 crimson imps (D:6)
  2 jellies
  3 hounds
  2 giant frog zombies
  5 orc priests
  5 iguanas
  3 centaur skeletons
  A giant frog skeleton (D:9)
  A killer bee zombie (D:5)
  6 orc wizards
  A worker ant (D:5)
  7 sheep
  A hound skeleton (D:6)
  15 river rats
  4 gnolls
  5 adders
  An ooze (D:1)
  A worm (D:4)
  5 giant geckos
  31 orcs
  4 giant cockroaches
  7 goblins
  4 hobgoblins
  5 jackals (D:1)
  14 kobolds
  2 quokkas
  2 bats (D:1)
  A giant gecko skeleton (D:7)
  2 giant newts
  A quokka skeleton (D:7)
  7 rats
319 creatures vanquished.

Vanquished Creatures (others)
  A plant (D:8)
1 creature vanquished.

Grand Total: 320 creatures vanquished

Notes
Turn   | Place    | Note
--------------------------------------------------------------
     0 | D:1      | 4thArraOfDagon the Vine Stalker Fighter began the quest for the Orb.
     0 | D:1      | Reached XP level 1. HP: 11/11 MP: 2/2
   192 | D:1      | Reached XP level 2. HP: 13/16 MP: 3/3
   256 | D:1      | Reached skill level 3 in Unarmed Combat
   350 | D:1      | Reached XP level 3. HP: 14/19 MP: 4/4
   448 | D:2      | Found a blossoming altar of Fedhas.
   584 | D:4      | Noticed a scorpion
   594 | D:4      | Killed a scorpion
   594 | D:4      | Reached skill level 4 in Unarmed Combat
   594 | D:4      | Reached XP level 4. HP: 14/23 MP: 5/5
   656 | D:4      | obiously
   656 | D:4      | right after might expired
   660 | D:4      | was good game
   661 | D:4      | Gained mutation: You expend magic power (3 MP) to strengthen your wands. [potion of mutation]
   661 | D:4      | Gained mutation: Your muscles are strong. (Str +2) [potion of mutation]
   661 | D:4      | Gained mutation: You are partially covered in rugged brown scales (AC +1, +3% HP). [potion of mutation]
   669 | D:4      | Reached skill level 5 in Unarmed Combat
   669 | D:4      | Reached XP level 5. HP: 16/27 MP: 4/6
   725 | D:5      | Entered Level 5 of the Dungeon
   726 | D:5      | o_0
   732 | D:5      | Noticed a slave
   732 | D:5      | Noticed a slave
   733 | D:5      | Noticed a slave
   733 | D:5      | Noticed a slave
   948 | D:5      | Found a stormy altar of Qazlal.
   954 | D:5      | Found a basalt altar of Yredelemnul.
  1006 | D:6      | Reached skill level 6 in Unarmed Combat
  1006 | D:6      | Gained mutation: You heal very quickly. [Vine Stalker growth]
  1006 | D:6      | Reached XP level 6. HP: 32/32 MP: 7/7
  1062 | D:6      | Noticed a sky beast
  1077 | D:6      | Killed a sky beast
  1086 | D:5      | Noticed a sky beast
  1090 | D:5      | Killed a sky beast
  1090 | D:5      | Reached skill level 7 in Unarmed Combat
  1090 | D:5      | Reached XP level 7. HP: 36/36 MP: 8/8
  1228 | D:6      | Reached skill level 8 in Unarmed Combat
  1242 | D:6      | Gained mutation: You are robust (+10% HP). [mutagenic meat]
  1243 | D:6      | Lost mutation: You are robust (+10% HP). [mutagenic meat]
  1244 | D:6      | Gained mutation: Your body sometimes deteriorates upon taking damage. [mutagenic meat]
  1245 | D:6      | Lost mutation: Your body sometimes deteriorates upon taking damage. [mutagenic meat]
  1246 | D:6      | Gained mutation: Your spells are a little easier to cast, but a little less powerful. [mutagenic meat]
  1247 | D:6      | Gained mutation: You are occasionally teleported to nearby monsters. [mutagenic meat]
  1248 | D:6      | Gained mutation: You tend to lose your temper in combat. [mutagenic meat]
  1249 | D:6      | Gained mutation: You can spit weak poison. [mutagenic meat]
  1397 | D:6      | :(
  1448 | D:6      | Found Yrro's Weapon Emporium.
  1514 | D:5      | Found a sacrificial altar of Ru.
  1543 | D:5      | Found a deep blue altar of Sif Muna.
  1576 | D:5      | Reached skill level 9 in Unarmed Combat
  1576 | D:5      | Gained mutation: You have razor-sharp teeth. [Vine Stalker growth]
  1576 | D:5      | Reached XP level 8. HP: 10/40 MP: 2/9
  1644 | D:4      | Found a staircase to the Ecumenical Temple.
  1653 | Temple   | Entered the Ecumenical Temple
  1694 | Temple   | Became a worshipper of Cheibriados the Contemplative
  1873 | D:8      | Noticed Grum
  1898 | D:7      | Reached skill level 10 in Unarmed Combat
  1954 | D:7      | Got a pitted plate armour
  1965 | D:7      | Identified the +3 plate armour of Agoraphobia {rElec rN+ Str+4} (You found it on level 7 of the Dungeon)
  2071 | D:8      | Reached * piety under Cheibriados
  2071 | D:8      | Reached skill level 11 in Unarmed Combat
  2088 | D:8      | Reached XP level 9. HP: 34/44 MP: 10/10
  2101 | D:8      | Reached skill level 12 in Unarmed Combat
  2115 | D:8      | Reached skill level 1 in Invocations
  2118 | D:8      | Reached skill level 1 in Dodging
  2129 | D:8      | Reached ** piety under Cheibriados
  2176 | D:8      | Found a staircase to the Lair.
  2225 | D:8      | Noticed Erolcha
  2256 | D:8      | Reached XP level 10. HP: 47/50 MP: 12/12
  2267 | D:8      | Killed Erolcha
  2319 | D:9      | Noticed a hill giant
  2330 | D:9      | Killed a hill giant
  2390 | D:9      | Noticed a centaur warrior
  2404 | D:9      | Killed a centaur warrior
  2404 | D:9      | Reached skill level 13 in Unarmed Combat
  2522 | D:9      | Got a pair of steaming boots
  2528 | D:9      | Identified the +1 pair of boots of Tenacity {rElec rC- Str+2 Slay+2} (You found it on level 9 of the Dungeon)
  2546 | D:9      | Found a flagged portal.
  2556 | Bailey   | Entered a bailey
  2564 | Bailey   | Noticed an orc knight
  2566 | Bailey   | Noticed an orc knight
  2593 | Bailey   | Reached *** piety under Cheibriados
  2637 | Bailey   | Killed an orc knight
  2637 | Bailey   | Reached XP level 11. HP: 26/55 MP: 15/15
  2651 | Bailey   | Killed an orc knight
  2651 | Bailey   | Reached skill level 5 in Fighting
  2651 | Bailey   | Reached skill level 5 in Shields
  2864 | D:10     | Entered Level 10 of the Dungeon
  2890 | D:11     | Reached **** piety under Cheibriados
  3013 | Lair:1   | Entered Level 1 of the Lair of Beasts
  3015 | Lair:1   | Reached skill level 1 in Evocations
  3077 | Lair:1   | Reached skill level 5 in Invocations
  3091 | Lair:2   | Learned a level 2 spell: Blink
  3094 | Lair:2   | Learned a level 2 spell: Repel Missiles
  3250 | Lair:2   | Noticed Rayvis's ghost (journeyman MiFi)
  3264 | Lair:2   | Killed Rayvis's ghost
  3275 | Lair:2   | Noticed Nergalle
  3287 | Lair:2   | Killed Nergalle
  3297 | Lair:2   | Reached skill level 14 in Unarmed Combat
  3351 | Lair:3   | Reached ***** piety under Cheibriados
  3437 | Lair:3   | Gained mutation: You regenerate. [Vine Stalker growth]
  3437 | Lair:3   | Reached XP level 12. HP: 50/61 MP: 17/17
  3578 | Lair:5   | Reached skill level 5 in Dodging
  3622 | Lair:5   | Found a labyrinth entrance.
  3633 | Lab      | Entered a labyrinth
  3978 | Lab      | Noticed a minotaur
  3985 | Lab      | Killed a minotaur
  4001 | Lab      | Got a smoking copper ring
  4013 | Lab      | Identified the ring "Poag" {rC+ MR- Int+6 SInv} (You found it in a labyrinth)
  4108 | Lair:7   | Noticed a seven-headed hydra
  4113 | Lair:7   | Killed a seven-headed hydra
  4222 | Lair:6   | Found a runed door.
  4226 | Lair:6   | Found a viscous altar of Jiyva.
  4227 | Lair:6   | Found a staircase to the Slime Pits.
  4227 | Lair:6   | Noticed an acid blob
  4227 | Lair:6   | Noticed an acid blob
  4302 | Lair:5   | Noticed Josephine
  4310 | Lair:5   | Killed Josephine
  4588 | Lair:3   | Found a staircase to the Shoals.
  4623 | Lair:3   | Reached ****** piety under Cheibriados
  4660 | Shoals:1 | Entered Level 1 of the Shoals
  4676 | Shoals:1 | Found Ixoepouq's Armour Shop.
  4687 | Shoals:1 | :)
  4692 | Shoals:2 | Noticed a merfolk impaler
  4705 | Shoals:1 | Killed a merfolk impaler
  4705 | Shoals:1 | Reached XP level 13. HP: 39/67 MP: 17/19
  4724 | Shoals:1 | Reached skill level 15 in Unarmed Combat
  4819 | Shoals:2 | Noticed a merfolk impaler
  4826 | Shoals:2 | Killed a merfolk impaler
  4866 | Shoals:3 | Reached skill level 5 in Evocations
  4959 | Shoals:3 | Noticed a merfolk impaler
  4973 | Shoals:3 | Killed a merfolk impaler
  5048 | Shoals:3 | Noticed Polyphemus
  5050 | Shoals:4 | Entered Level 4 of the Shoals
  5062 | Shoals:4 | Shot with an arrow by a satyr

Action                   |  1- 3 |  4- 6 |  7- 9 | 10-12 | 13-15 || total
-------------------------+-------+-------+-------+-------+-------++-------
Melee: Unarmed           |   122 |    76 |   217 |   423 |   110 ||   948
Invok: Bend Time         |       |       |       |     4 |       ||     4
       Temporal Distorti |       |       |       |     1 |     1 ||     2
       Slouch            |       |       |       |       |     3 ||     3
Evoke: Wand              |       |       |       |     3 |     1 ||     4
  Use: Scroll            |     1 |     3 |     4 |     7 |     4 ||    19
       Potion            |     1 |     1 |       |       |     1 ||     3
  Eat: Chunk             |       |     1 |    15 |     4 |     2 ||    22
       Pizza             |       |       |     1 |       |       ||     1
